 Dungeon Crawl Stone Soup version 0.27-a0-1196-g3e9cee4cb2 (webtiles) character file.

Game seed: 13729106245886203325

64 Glokmah the Covert (level 4, -3/41 HPs)
             Began as a Gnoll Delver on May 29, 2021.
             Splashed by a jelly's acid (7 damage)
             ... on level 6 of the Dungeon.
             The game lasted 00:01:22 (549 turns).

Glokmah the Covert (Gnoll Delver)                    Turns: 549, Time: 00:01:23

Health: -3/41      AC:  0    Str: 12    XL:     4   Next: 12%
Magic:  5/5        EV: 12    Int:  9    God:
Gold:   71         SH:  4    Dex: 14    Spells: 5/5 levels left

rFire    . . .     SeeInvis .   a - +0 hand axe
rCold    . . .     Faith    .   h - +0 buckler
rNeg     . . .     Spirit   .   b - +0 leather armour
rPois    .         Reflect  .   (no helmet)
rElec    .         Harm     .   (no cloak)
rCorr    .         Rampage  .   (no gloves)
Will     .....                  (no boots)
Stlth    ++++......             (no amulet)
HPRegen  0.13/turn              (no ring)
MPRegen  0.09/turn              (no ring)

@: corroded
A: fangs 1, strong nose, distributed training
a: no special abilities


You were on level 6 of the Dungeon.
You visited 1 branch of the dungeon, and saw 2 of its levels.

You collected 71 gold pieces.

Inventory:

Hand Weapons
 a - a +0 hand axe (weapon)
Armour
 b - a +0 leather armour (worn)
 h - a +0 buckler (worn)
Wands
 g - a wand of digging (3)
Scrolls
 c - 2 scrolls of fog
 e - a scroll of fear
Potions
 d - a potion of might {unknown}
 f - a potion of haste


   Skills:
 + Level 6.6 Fighting
 + Level 1.0 Short Blades
 + Level 1.0 Long Blades
 + Level 4.6 Axes
 + Level 1.0 Maces & Flails
 + Level 1.0 Polearms
 + Level 1.0 Staves
 + Level 1.0 Slings
 + Level 1.0 Bows
 + Level 1.0 Crossbows
 + Level 1.0 Throwing
 + Level 1.0 Armour
 + Level 4.6 Dodging
 + Level 9.6 Stealth
 + Level 1.0 Shields
 + Level 1.0 Unarmed Combat
 + Level 1.0 Spellcasting
 + Level 0.8 Conjurations
 + Level 0.8 Hexes
 + Level 0.8 Summonings
 + Level 0.8 Necromancy
 + Level 0.8 Translocations
 + Level 0.8 Transmutations
 + Level 0.8 Fire Magic
 + Level 0.8 Ice Magic
 + Level 0.8 Air Magic
 + Level 0.8 Earth Magic
 + Level 0.8 Poison Magic
 + Level 1.1 Invocations
 + Level 1.0 Evocations


You had 5 spell levels left.
You didn't know any spells.
Your spell library contained the following spells:

 Spells                   Type           Power      Damage    Failure   Level
 Bolt of Magma            Conj/Fire/Erth 0%         4d4       100%        5
 Iskenderun's Battlesphe  Conj           1%         2d6       100%        5
 Iron Shot                Conj/Erth      0%         9d1       100%        6
 Orb of Destruction       Conj           0%         N/A       100%        7
 Spellforged Servitor     Conj/Summ      0%         N/A       100%        7


Dungeon Overview and Level Annotations

Branches:
Dungeon (5/15)             Temple (0/1) D:5

Altars:
Uskayaw


Innate Abilities, Weirdness & Mutations

You have very sharp teeth.
Your uncanny sense of smell can sniff out nearby items.
Your experience applies equally to all skills.


Message History

Magic restored.
You start resting.
An orc comes into view. It is wielding a +0 whip.
You now have 42 gold pieces (gained 15).
You start resting.
HP restored.
Found a hide-covered altar of Uskayaw.
You now have 55 gold pieces (gained 13).
You now have 71 gold pieces (gained 16).
There is a hide-covered altar of Uskayaw here.
You kneel at the altar of Uskayaw.
A jelly comes into view.
Found a mace.
Unknown command.
The jelly quivers.
Found a stone staircase leading down.
You hit the jelly but do no damage.
Your hands burn!
The jelly hits you.
You are splashed with acid!
You hit the jelly.
Your hands burn!
The jelly is lightly wounded.
You block the jelly's attack.
You hit the jelly.
Your hands burn!
The jelly is lightly wounded.
The jelly barely misses you.
You hit the jelly.
Your hands burn!
The jelly is moderately wounded.
The jelly hits you.
You are splashed with acid.
* * * LOW HITPOINT WARNING * * *
You hit the jelly. The acid corrodes you!
Your hands burn!
* * * LOW HITPOINT WARNING * * *
The jelly is heavily wounded.
The jelly barely misses you.
You hit the jelly but do no damage.
Your hands burn!
* * * LOW HITPOINT WARNING * * *
You bite the jelly, but do no damage.
The jelly is heavily wounded.
The jelly hits you.
* * * LOW HITPOINT WARNING * * *
The acid corrodes you!
You are splashed with acid!
You die...

#># .######.##
.....#...##
..........##
...........#
..........)#
.......J...#
#......@..#
##...#...## ..##
## ##.## #..####
#.# #######....#
#.# ....#......#
#.#
...........#####.#
..............##.#
............#..#.#


You could see a jelly.

Vanquished Creatures
  A centaur zombie (D:6)
  A jelly (D:6)
  An orc (D:5)
3 creatures vanquished.

Notes
Turn   | Place    | Note
-------+----------+-------------------------------------------
     0 | D:5      | Reached skill level 9 in Stealth
     0 | D:5      | Glokmah the Gnoll Delver began the quest for the Orb.
     0 | D:5      | Reached XP level 1. HP: 23/23 MP: 1/1
    57 | D:5      | Found a staircase to the Ecumenical Temple.
    57 | D:5      | Noticed a jelly
   299 | D:5      | You fall into a shaft and drop 1 floor!
   300 | D:6      | Noticed an orc wizard
   303 | D:6      | Noticed an orc warrior
   319 | D:6      | Noticed a jelly
   326 | D:6      | Reached XP level 2. HP: 12/29 MP: 1/3
   326 | D:6      | Reached XP level 3. HP: 15/35 MP: 1/4
   328 | D:6      | Reached skill level 1 in Short Blades
   328 | D:6      | Reached skill level 1 in Long Blades
   328 | D:6      | Reached skill level 1 in Maces & Flails
   328 | D:6      | Reached skill level 1 in Polearms
   328 | D:6      | Reached skill level 1 in Staves
   328 | D:6      | Reached skill level 1 in Slings
   328 | D:6      | Reached skill level 1 in Bows
   328 | D:6      | Reached skill level 1 in Crossbows
   328 | D:6      | Reached skill level 1 in Throwing
   328 | D:6      | Reached skill level 1 in Armour
   328 | D:6      | Reached skill level 1 in Shields
   328 | D:6      | Reached skill level 1 in Unarmed Combat
   328 | D:6      | Reached skill level 1 in Spellcasting
   328 | D:6      | Reached skill level 1 in Invocations
   328 | D:6      | Reached skill level 1 in Evocations
   328 | D:6      | Reached XP level 4. HP: 16/41 MP: 1/5
   515 | D:6      | Found a hide-covered altar of Uskayaw.
   549 | D:6      | Splashed by a jelly's acid

Illustrated notes

Levels and vault maps discovered:
D:5:      layout_loops_ring, temple_green
D:6:      layout_rooms, overflow_temple_1_default, kennysheep_mini,
          chequers_serial_rivers_small_3

Skill      XL: |  1  2  3 |
---------------+----------+-----
Stealth        | |  9.6
Short Blades   | 1 |  1.0
Long Blades    | 1 |  1.0
Maces & Flails | 1 |  1.0
Polearms       | 1 |  1.0
Staves         | 1 |  1.0
Slings         | 1 |  1.0
Bows           | 1 |  1.0
Crossbows      | 1 |  1.0
Throwing       | 1 |  1.0
Armour         | 1 |  1.0
Shields        | 1 |  1.0
Unarmed Combat | 1 |  1.0
Spellcasting   | 1 |  1.0
Invocations    | 1 |  1.1
Evocations     | 1 |  1.0
Fighting       | |  6.6
Axes           | |  4.6
Dodging        | |  4.6
Conjurations   | |  0.8
Hexes          | |  0.8
Summonings     | |  0.8
Necromancy     | |  0.8
Translocations | |  0.8
Transmutations | |  0.8
Fire Magic     | |  0.8
Ice Magic      | |  0.8
Air Magic      | |  0.8
Earth Magic    | |  0.8
Poison Magic   | |  0.8

Action                   |  1- 3 |  4- 6 || total
-------------------------+-------+-------++-------
Melee: Hand axe          |    17 |     6 ||    23
       Bite              |     5 |     1 ||     6
  Use: Scroll            |     1 |       ||     1
 Stab: Sleeping          |     1 |       ||     1
Armor: Leather armour    |     3 |       ||     3
Dodge: Dodged            |     7 |     2 ||     9
Block: Buckler           |     3 |     1 ||     4

Table legend: (Time is in decaauts)
 A = Elapsed time spent in this place.
 B = Non-inter-level travel time spent in this place.
 C = Inter-level travel time spent in this place.
 D = Time resting spent in this place.
 E = Time spent auto-exploring this place.
 F = Levels seen in this place.
 G = Mean time per level.
                   A        B        C        D        E       F      G
               +--------+--------+--------+--------+--------+-----+--------+
         Total |    551 |    551 |      0 |    394 |      0 |   2 |  275.5 |
       Dungeon |    551 |    551 |      0 |    394 |      0 |   2 |  275.5 |
               +--------+--------+--------+--------+--------+-----+--------+

Top non-repeatable levels by time:
     D:5: 300 daAuts
     D:6: 251 daAuts
